 Dungeon Crawl Stone Soup version 0.25-a0-857-g60a0bcd (webtiles) character file.

Game seed: 11646984627487166554, levelgen mode: deterministic

45 CabbageHands the Ruffian (level 3, -4/28 HPs)
             Began as a Draconian Transmuter on Apr 26, 2020.
             Slain by Jessica
             ... wielding a +0 club
              (5 damage)
             ... on level 2 of the Dungeon.
             The game lasted 00:02:30 (637 turns).

CabbageHands the Ruffian (Draconian Transmuter)      Turns: 637, Time: 00:02:30

Health: -4/28      AC:  5    Str: 12    XL:     3   Next: 42%
Magic:  6/6        EV: 12    Int: 14    God:
Gold:   69         SH:  0    Dex: 11    Spells: 3/6 levels left

rFire    . . .     SeeInvis .     - Unarmed
rCold    . . .     Gourm    .   (no shield)
rNeg     . . .     Faith    .   (armour unavailable)
rPois    .         Spirit   .   (helmet restricted)
rElec    .         Reflect  .   (no cloak)
rCorr    .         Harm     .   (no gloves)
MR       .....                  (boots currently unavailable)
Stlth    +.........             (no amulet)
HPRegen  0.09/turn              (no ring)
MPRegen  0.10/turn              (no ring)

@: appendage (expiring)
A: unfitting armour, talons 3, cold-blooded, AC +5
a: End Transformation


You were on level 2 of the Dungeon.
You were not hungry.
You had grown temporary talons.
You visited 1 branch of the dungeon, and saw 2 of its levels.

You collected 69 gold pieces.

Inventory:

Hand Weapons
 i - a +2 dagger of venom
Missiles
 a - 27 arrows
Scrolls
 d - 4 scrolls of identify {unknown}
 f - a scroll of immolation {unknown}
 g - 3 scrolls of teleportation {unknown}
 j - a scroll of random uselessness {unknown}
 k - a scroll of enchant armour {unknown}
Potions
 b - a potion of haste {unknown}
 e - a potion of degeneration {unknown}
 h - a potion of lignification {unknown}
Comestibles
 c - a ration


   Skills:
 - Level 1.1 Fighting
 - Level 1.7 Dodging
 + Level 3.5 Unarmed Combat
 - Level 2.0 Spellcasting
 * Level 3.3 Transmutations


You had 3 spell levels left.
You knew the following spells:

 Your Spells              Type           Power        Failure   Level  Hunger
a - Beastly Appendage     Tmut           ##....       6%          1    ##.....
b - Sticks to Snakes      Tmut           ##......     9%          2    ###....

Your spell library contained the following spells:

 Spells                   Type           Power        Failure   Level  Hunger
 Spider Form              Tmut/Pois      #.........   34%         3    ####...
 Ice Form                 Ice/Tmut       #.......     75%         4    #####..
 Blade Hands              Tmut           ##........   86%         5    ######.


Dungeon Overview and Level Annotations

Branches:
Dungeon (2/15)

Altars:

Annotations:
D:2 Jessica


Innate Abilities, Weirdness & Mutations

Your plain brown scales are hard. (AC +5)
You cannot fit into any form of body armour.
You are cold-blooded and may be slowed by cold attacks.
You have claws for feet.


Message History

Jessica is lightly wounded.
Jessica hits you but does no damage.
You hit Jessica but do no damage. Your kick misses Jessica.
Jessica is lightly wounded.
Jessica hits you with a +0 club.
* * * LOW HITPOINT WARNING * * *
You closely miss Jessica. You claw Jessica.
Jessica is moderately wounded.
Jessica casts a spell.
Jessica blinks!
Jessica shouts, "You are a ghastly nuisance!"
Your transformation is almost over.
You closely miss Jessica. Your kick misses Jessica.
Jessica is moderately wounded.
Jessica hits you but does no damage. Jessica hits you with a +0 club.
* * * LOW HITPOINT WARNING * * *
You hit Jessica. Your kick misses Jessica.
Jessica is severely wounded.
Jessica hits you with a +0 club.
You die...

#........# #........#
####.........
..........# ..#
#......#.#
...###........#. #.
#.#............ ##.
#............##
...#.#..@......... #
#.#.#.@...###..##
#.###..............##
#......................
#..............########
#...###..#.#####
#........#.#
####........'.#
............#.#


You could see Jessica.

Vanquished Creatures
  A gnoll (D:1)
  An adder (D:2)
  An ooze (D:1)
  A dart slug (D:1)
  2 leopard geckos (D:1)
  2 hobgoblins (D:1)
  2 bats
  2 frilled lizards (D:1)
  4 goblins (D:1)
  2 kobolds (D:1)
  3 rats (D:1)
21 creatures vanquished.

Notes
Turn   | Place    | Note
-------+----------+-------------------------------------------
     0 | D:1      | CabbageHands the Draconian Transmuter began the quest for
                  | the Orb.
     0 | D:1      | Reached XP level 1. HP: 16/16 MP: 3/3
    78 | D:1      | Reached XP level 2. HP: 22/23 MP: 5/5
   237 | D:1      | Learned a level 2 spell: Sticks to Snakes
   306 | D:1      | Reached XP level 3. HP: 28/28 MP: 6/6
   625 | D:2      | Noticed Jessica
   636 | D:2      | HP: 1/28 [Jessica/+0 club (5)]
   637 | D:2      | Slain by Jessica

Levels and vault maps discovered:
D:1:      nzn_arrival_depleted_hourglass, layout_basic
D:2:      minmay_chambers_of_twos, layout_basic, minmay_vboxes, uniq_jessica

Skill      XL: |  1  2 |
---------------+-------+-----
Transmutations | 3 |  3.3
Fighting       | |  1.1
Dodging        | |  1.7
Unarmed Combat | |  3.5
Spellcasting   | |  2.0

Action                   || total
-------------------------++-------
Melee: Unarmed           ||    53
       Tailslap          ||     5
       Kick              ||     3
       Headbutt          ||     1
       Punch             ||     1
 Cast: Beastly Appendage ||     3
 Stab: Sleeping          ||     1
Armor: Skin              ||     9
Dodge: Dodged            ||    24

Table legend:
 A = Non-vault XP
 B = Vault XP
 C = Vault XP percentage of total XP
 D = Non-vault monster count
 E = Vault monster count
 F = Vault count percentage of total count
                 A         B        C        D         E       F
            +---------+---------+-------+---------+---------+-------
      Total |      65 |       0 |   0.0 |      21 |       0 |   0.0
            +---------+---------+-------+---------+---------+-------
        D:1 |      50 |       0 |   0.0 |      19 |       0 |   0.0
        D:2 |      15 |       0 |   0.0 |       2 |       0 |   0.0
            +---------+---------+-------+---------+---------+-------
